 Dungeon Sprint DCSS version 0.19.0-24-gb05acd6 (webtiles) character file.

31400000 igo the Ninja (level 27, 177/273 HPs)
             Began as a Ghoul Warper on Nov 22, 2016.
             Was the Champion of Makhleb.
             Escaped with the Orb!
             The game lasted 00:06:51 (157 turns).

igo the Ninja (Ghoul Warper)                         Turns: 157, Time: 00:06:52

Health: 177/273    AC:  6    Str: 19    XL:     27
Magic:  41/53      EV: 32    Int:  8    God:    Makhleb [******]
Gold:   0          SH:  0    Dex: 17    Spells: 0 memorised, 80 levels left

rFire  . . .     SeeInvis +     l - +∞ Axe of Woe
rCold  + . .     Gourm    .     b - +0 leather armour
rNeg   + + +     Faith    .     (shield currently unavailable)
rPois  ∞         Spirit   .     (no helmet)
rElec  .         Reflect  .     (no cloak)
rCorr  .         Harm     .     (no gloves)
MR     ++...     NoTele   +     (no boots)
Stlth  +++.......               (no amulet)
                                (no ring)
                                m - ring of see invisible

@: very slightly contaminated, rotting, hasted and slowed
A: rotting body, claws 1, carnivore 3, cold resistance 1, negative energy
resistance 3, slow regeneration 1, torment resistance, unbreathing
a: Minor Destruction, Lesser Servant of Makhleb, Major Destruction, Greater
Servant of Makhleb, Renounce Religion
0: Orb of Zot


You escaped.
You worshipped Makhleb.
Makhleb was exalted by your worship.
You were not hungry.

You visited 1 branch

Inventory:

Hand Weapons
 a - a +0 hand axe
 l - the +∞ Axe of Woe (weapon)
   (You found it in the Dungeon)
Armour
 b - a +0 leather armour (worn)
Jewellery
 m - a ring of see invisible (left claw)
Scrolls
 d - a scroll of blinking
Potions
 g - a potion of curing
 h - a potion of heal wounds
 j - 2 potions of magic
 k - a potion of berserk rage
Books
 c - a book of Spatial Translocations

   Spells                             Type                      Level
   a - Blink                          Translocation                2
   b - Shroud of Golubria             Charms/Translocation         2
   c - Lesser Beckoning               Translocation                3
   d - Portal Projectile              Translocation                3
   e - Teleport Other                 Translocation                3
   f - Passage of Golubria            Translocation                4
Comestibles
 f - a meat ration


   Skills:
 O Level 27 Fighting
 O Level 27 Axes
 O Level 27 Throwing
 O Level 27 Armour
 O Level 27 Dodging
 O Level 27 Stealth
 O Level 27 Unarmed Combat
 O Level 27 Spellcasting
   Level 2.6 Translocations
 O Level 27 Invocations


You had 80 spell levels left.
You didn't know any spells.

Dungeon Overview and Level Annotations

Branches:
Dungeon (1/1)

Altars:
Makhleb


Innate Abilities, Weirdness & Mutations

Your body is rotting away.
You thrive on raw meat.
You are immune to poison.
You have sharp fingernails.
You are carnivorous and can eat meat at any time.
Your flesh is cold resistant. (rC+)
You are immune to negative energy. (rN+++)
You regenerate slowly when monsters are visible.
You are immune to unholy pain and torment.
You can survive without breathing.


Message History

The fleshlord gestures wildly while chanting.
The large abomination completely misses you. x2
The tyrant is engulfed in roaring flames.
An ogre and a hell knight come into view.
There is a staircase leading out of the dungeon here.
The fleshlord shouts!
You hear a shout! x5
The tyrant is engulfed in roaring flames.
You hear a shout!
The large abomination is engulfed in roaring flames.
The large abomination is destroyed!
You hear a shout!
The fleshlord gestures wildly while chanting.
The fleshlord seems to speed up.
You hear a shout!
The large abomination hits you!!
The bag of meat hits you with a +9 war axe!!
The large abomination barely misses you.
The large abomination is engulfed in roaring flames.
The meat beast growls angrily.
You have escaped!

.......%%..%.%oX§X....
.....p...%X§X§.SX.....
.....#D%OpXXo#.%......
....%#o%)))OL#........
...###.%).pxX###S.....
........###pzXCo.o...
#....o.o._SoWVo......
......#M.XX.#)......
......#_.@oo#z......
......#..Oo.#...z..#
#........_......D...
.......2###.........
...###... ...###.... .
#... ...# .... #...
...# ..... ...


You could see an accursed, a meat beast, a tyrant, an eight-headed meat hydra, a
destroyer, 2 scourges, 2 fleshlords, a sculptor of flesh, a large bag of meat
(inner flame), 5 large abominations, a dread, 2 meat berserkers, a small
abomination and 10 bags of meat.

Vanquished Creatures
  Dispater (D)
  7 hell knights (D)
  Sigmund (D)
  14 hell beasts (D)
  2 greater mummies (D)
  11 great orbs of eyes (D)
  A wraith (D)
  13 vampire knights (D)
  40 ogres (D)
  4 liches (D)
  5 hydras (D)
  69 orcs (D)
  5 phantoms (D)
  11 hill giants (D)
  2 skeletal warriors (D)
  A sea snake (D)
  10 large abominations (D)
  7 small abominations (D)
  6 crawling corpses (D)
210 creatures vanquished.

Vanquished Creatures (others)
  A crawling corpse (D)
1 creature vanquished.

Grand Total: 211 creatures vanquished

Notes
Turn   | Place    | Note
-------+----------+-------------------------------------------
     0 | D        | igo the Ghoul Warper began the quest for the Orb.
     0 | D        | Reached XP level 1. HP: 17/17 MP: 2/2
     3 | D        | Noticed a bag of meat
     4 | D        | Became a worshipper of Makhleb the Destroyer
     6 | D        | Noticed a bag of meat
     6 | D        | Noticed a bag of meat
     7 | D        | Noticed a bag of meat
     7 | D        | Noticed a bag of meat
     7 | D        | Noticed a meat berserker
     9 | D        | Noticed a bag of meat
     9 | D        | Killed a bag of meat
     9 | D        | Reached skill level 10 in Axes
     9 | D        | Reached skill level 10 in Dodging
     9 | D        | Reached XP level 2. HP: 42/42 MP: 2/13
     9 | D        | Reached XP level 3. HP: 49/49 MP: 2/15
     9 | D        | Reached XP level 4. HP: 57/57 MP: 2/16
     9 | D        | Reached XP level 5. HP: 63/63 MP: 2/18
     9 | D        | Reached XP level 6. HP: 71/71 MP: 2/19
     9 | D        | Reached XP level 7. HP: 78/78 MP: 2/21
     9 | D        | Reached XP level 8. HP: 85/85 MP: 2/22
     9 | D        | Reached XP level 9. HP: 92/92 MP: 2/23
     9 | D        | Reached XP level 10. HP: 100/100 MP: 2/24
     9 | D        | Reached XP level 11. HP: 105/105 MP: 2/25
     9 | D        | Reached XP level 12. HP: 113/113 MP: 2/26
     9 | D        | Noticed a bag of meat
    10 | D        | Killed a meat berserker
    10 | D        | Reached * piety under Makhleb
    10 | D        | Reached skill level 5 in Throwing
    10 | D        | Reached skill level 5 in Armour
    10 | D        | Reached XP level 13. HP: 103/128 MP: 2/30
    10 | D        | Reached XP level 14. HP: 110/137 MP: 2/31
    10 | D        | Killed a bag of meat
    10 | D        | Reached skill level 15 in Spellcasting
    10 | D        | Killed a bag of meat
    10 | D        | Reached skill level 15 in Axes
    10 | D        | Reached XP level 15. HP: 120/149 MP: 2/34
    11 | D        | Noticed a meat berserker
    12 | D        | Noticed a meat berserker
    13 | D        | Noticed a meat berserker
    13 | D        | Reached ** piety under Makhleb
    13 | D        | Reached skill level 15 in Dodging
    13 | D        | Reached XP level 16. HP: 162/162 MP: 3/36
    14 | D        | Noticed a meat berserker
    14 | D        | Reached *** piety under Makhleb
    15 | D        | Killed a meat berserker
    15 | D        | Reached XP level 17. HP: 178/178 MP: 3/39
    15 | D        | Killed a meat berserker
    15 | D        | Reached XP level 18. HP: 190/190 MP: 3/41
    15 | D        | Reached **** piety under Makhleb
    16 | D        | Killed a meat berserker
    16 | D        | Reached skill level 27 in Stealth
    17 | D        | Killed a meat berserker
    17 | D        | Reached skill level 27 in Fighting
    17 | D        | Reached XP level 19. HP: 180/207 MP: 4/44
    18 | D        | Noticed a meat berserker
    20 | D        | Noticed a meat berserker
    20 | D        | Noticed a meat berserker
    20 | D        | Noticed a large bag of meat
    21 | D        | Noticed a meat berserker
    21 | D        | Killed a meat berserker
    21 | D        | Reached skill level 27 in Invocations
    21 | D        | Reached ***** piety under Makhleb
    22 | D        | Noticed a meat berserker
    23 | D        | Noticed a meat berserker
    23 | D        | Killed a meat berserker
    23 | D        | Reached skill level 27 in Axes
    23 | D        | Reached skill level 10 in Armour
    23 | D        | Reached XP level 20. HP: 216/216 MP: 6/48
    23 | D        | Killed a meat berserker
    23 | D        | Reached skill level 27 in Spellcasting
    23 | D        | Reached XP level 21. HP: 224/224 MP: 6/51
    25 | D        | Reached skill level 15 in Throwing
    25 | D        | Reached skill level 27 in Dodging
    26 | D        | Reached ****** piety under Makhleb
    26 | D        | Reached skill level 15 in Armour
    26 | D        | Reached skill level 27 in Unarmed Combat
    26 | D        | Reached XP level 22. HP: 233/233 MP: 6/52
    27 | D        | Reached skill level 27 in Throwing
    27 | D        | Reached XP level 23. HP: 240/240 MP: 7/53
    28 | D        | Reached skill level 27 in Armour
    28 | D        | Reached XP level 24. HP: 249/249 MP: 7/53
    31 | D        | Reached XP level 25. HP: 257/257 MP: 8/53
    34 | D        | Reached XP level 26. HP: 266/266 MP: 8/53
    46 | D        | Reached XP level 27. HP: 182/273 MP: 12/53
    50 | D        | Noticed an accursed
    54 | D        | Noticed a tyrant
    55 | D        | Killed an accursed
    56 | D        | Noticed an accursed
    59 | D        | Noticed The Captor
    63 | D        | Noticed a destroyer
    65 | D        | Killed a tyrant
    67 | D        | Killed an accursed
    69 | D        | Noticed a meat beast
    69 | D        | Killed a destroyer
    70 | D        | Noticed a destroyer
    71 | D        | Noticed a destroyer
    71 | D        | Killed a meat beast
    76 | D        | Noticed a meat beast
    78 | D        | Noticed a meat beast
    80 | D        | Killed a meat beast
    80 | D        | Killed a destroyer
    81 | D        | Noticed a meat beast
    83 | D        | Noticed a destroyer
    83 | D        | Noticed a meat beast
    83 | D        | Killed a meat beast
    84 | D        | Noticed a meat beast
    84 | D        | Killed a destroyer
    84 | D        | Killed a meat beast
    84 | D        | Killed a meat beast
    86 | D        | Killed a meat beast
    87 | D        | Noticed a meat beast
    87 | D        | Killed The Captor
    88 | D        | Noticed a dread
    88 | D        | Killed a meat beast
    89 | D        | Killed a destroyer
    92 | D        | Noticed a destroyer
    93 | D        | Noticed a destroyer
    94 | D        | Noticed a meat beast
    94 | D        | Noticed a meat beast
    96 | D        | Killed a destroyer
    97 | D        | Noticed a destroyer
    97 | D        | Noticed a tyrant
    97 | D        | Noticed a destroyer
    98 | D        | Noticed a destroyer
    98 | D        | Killed a meat beast
    98 | D        | Killed a meat beast
   101 | D        | Killed a dread
   103 | D        | Killed a destroyer
   107 | D        | Noticed a destroyer
   107 | D        | Killed a destroyer
   107 | D        | Killed a destroyer
   108 | D        | Killed a destroyer
   109 | D        | Noticed a destroyer
   109 | D        | Killed a tyrant
   112 | D        | Killed a destroyer
   113 | D        | Noticed a meat beast
   115 | D        | Noticed a meat beast
   115 | D        | Killed a destroyer
   115 | D        | Noticed a meat beast
   119 | D        | Noticed a tyrant
   119 | D        | Killed a meat beast
   119 | D        | Killed a meat beast
   121 | D        | Noticed a tyrant
   121 | D        | Killed a meat beast
   124 | D        | Noticed a fleshlord
   127 | D        | Noticed a fleshlord
   129 | D        | Killed a fleshlord
   130 | D        | Noticed a fleshlord
   130 | D        | Noticed a fleshlord
   131 | D        | Noticed a fleshlord
   133 | D        | Killed a fleshlord
   134 | D        | Noticed a fleshlord
   137 | D        | Noticed a destroyer
   138 | D        | Killed a tyrant
   139 | D        | Noticed a fleshlord
   139 | D        | Noticed a fleshlord
   140 | D        | Noticed a destroyer
   140 | D        | Noticed a tyrant
   140 | D        | Noticed a fleshlord
   141 | D        | Killed a destroyer
   141 | D        | Killed a fleshlord
   142 | D        | Noticed a meat beast
   142 | D        | Killed a fleshlord
   142 | D        | Killed a fleshlord
   143 | D        | Killed a tyrant
   144 | D        | Killed a destroyer
   145 | D        | Noticed a meat beast
   147 | D        | Killed a fleshlord
   148 | D        | Noticed The Meatlord
   148 | D        | Killed a meat beast
   149 | D        | Noticed a destroyer
   149 | D        | Killed a meat beast
   150 | D        | Noticed a dread
   150 | D        | Noticed a dread
   151 | D        | Killed a fleshlord
   151 | D        | Killed The Meatlord
   152 | D        | Got the Orb of Zot
   153 | D        | Noticed an accursed
   153 | D        | Noticed a fleshlord
   156 | D        | Noticed a fleshlord
   156 | D        | Noticed a meat beast
   157 | D        | Escaped with the Orb!

Skill      XL: |  1  2  3  4  5  6  7  8  9 10 11 12 13 14 15 16 17 18 19 20 21 22 23 |
---------------+----------------------------------------------------------------------+-----
Fighting       | 12 16 18 19 22 23 27 | 27.0
Axes           | 10 13 15 16 19 20 23 27 | 27.0
Throwing       | 3 5 6 7 8 11 14 18 27 | 27.0
Armour         | 3 5 6 10 12 15 26 27 | 27.0
Dodging        | 10 13 14 16 17 18 20 23 26 27 | 27.0
Stealth        | 13 17 19 21 24 25 27 | 27.0
Spellcasting   | 11 14 16 17 19 20 22 25 27 | 27.0
Invocations    | 12 16 18 19 22 23 26 27 | 27.0
Unarmed Combat | 27 | 27.0
Translocations | |  2.6

Action                   |  1- 3 |  4- 6 |  7- 9 | 10-12 | 13-15 | 16-18 | 19-21 | 22-24 | 25-27 || total
-------------------------+-------+-------+-------+-------+-------+-------+-------+-------+-------++-------
Melee: Executioner's axe |     1 |       |       |     1 |     1 |     4 |     4 |     4 |    78 ||    93
Throw: Tomahawk          |       |       |       |       |       |       |     1 |       |     4 ||     5
  Use: Scroll            |       |       |       |       |       |       |       |       |     1 ||     1
       Potion            |       |       |       |       |       |       |       |       |     1 ||     1
 Stab: Held in net/web   |       |       |       |       |       |       |       |       |     4 ||     4
Armor: Leather armour    |       |       |       |       |       |       |       |       |     4 ||     4
Dodge: Dodged            |       |       |       |     1 |     1 |     1 |     1 |       |    28 ||    32
